 Dungeon Crawl Stone Soup version 0.25-a0-875-geaba134f46 (webtiles) character file.

Game seed: 1526896172706910313, levelgen mode: deterministic

11 Flugkiller the Skirmisher (level 2, -4/34 HPs)
             Began as a Demonspawn Warper on May 1, 2020.
             Slain by a kobold
             ... wielding a +2 whip of electrocution
              (19 damage)
             ... on level 1 of the Dungeon.
             The game lasted 00:00:50 (468 turns).

Flugkiller the Skirmisher (Demonspawn Warper)        Turns: 468, Time: 00:00:51

Health: -4/34      AC: 21    Str: 11    XL:     2   Next: 13%
Magic:  5/5        EV:  2    Int: 19    God:
Gold:   5          SH:  0    Dex: 12    Spells: 5/5 levels left

rFire    . . .     SeeInvis .   (no weapon)
rCold    . . .     Gourm    .   (no shield)
rNeg     + + +     Faith    .   (armour currently unavailable)
rPois    +         Spirit   .   (helmet currently unavailable)
rElec    .         Reflect  .   (cloak currently unavailable)
rCorr    .         Harm     .   (gloves currently unavailable)
MR       .....     NoTele   +   (boots currently unavailable)
Stlth    +.........             (no amulet)
HPRegen  0.11/turn              g - +5 ring of intelligence
MPRegen  0.09/turn              (no ring)

@: tree-form
A: no striking features
a: no special abilities


You were on level 1 of the Dungeon.
You were not hungry.
You were a tree.
You visited 1 branch of the dungeon, and saw 1 of its levels.

You collected 5 gold pieces.

Inventory:

Hand Weapons
 a - a +0 hand axe
Armour
 b - a +0 leather armour (melded)
Jewellery
 g - a +5 ring of intelligence (left branch)
   (You found it on level 1 of the Dungeon)
Scrolls
 c - a scroll of identify {unknown}
 d - a scroll of blinking
 i - a scroll of teleportation {unknown}
Comestibles
 f - a ration


   Skills:
 + Level 2.9 Fighting
 - Level 1.7 Axes
 - Level 0.8 Throwing
 - Level 0.8 Armour
 - Level 1.7 Dodging
 - Level 2.0 Spellcasting
   Level 2.6 Translocations


You had 5 spell levels left.
You didn't know any spells.
Your spell library contained the following spells:

 Spells                   Type           Power        Failure   Level  Hunger
 Blink                    Tloc           N/A          9%          2    ###....
 Shroud of Golubria       Chrm/Tloc      #.....       14%         2    ###....
 Gell's Gravitas          Tloc           ##........   17%         3    ###....
 Lesser Beckoning         Tloc           ##........   17%         3    ###....
 Teleport Other           Tloc           ##......     17%         3    ###....
 Passage of Golubria      Tloc           N/A          50%         4    #####..


Dungeon Overview and Level Annotations

Branches:
Dungeon (1/15)

Altars:


Innate Abilities, Weirdness & Mutations

((You have large cloven feet.))


Message History

You kill the hobgoblin!
Unknown command.
Throwing (i - inventory)
e - 4 boomerangs of dispersal (quivered)
Press: ? - help, Shift-Dir - straight line, f/p - kobold
Aim: a kobold, wielding a +2 whip of electrocution (moderately wounded)
You throw a boomerang of dispersal.
The boomerang of dispersal hits the kobold but does no damage.
The kobold is moderately wounded.
The kobold barely misses you.
Unknown command.
Throwing (i - inventory)
e - 3 boomerangs of dispersal (quivered)
Press: ? - help, Shift-Dir - straight line, f/p - kobold
Aim: a kobold, wielding a +2 whip of electrocution (moderately wounded)
You throw a boomerang of dispersal.
The boomerang of dispersal barely misses the kobold.
The kobold closely misses you. The kobold barely misses you.
Unknown command.
Throwing (i - inventory)
e - 2 boomerangs of dispersal (quivered)
Press: ? - help, Shift-Dir - straight line, f/p - kobold
Aim: a kobold, wielding a +2 whip of electrocution (moderately wounded)
You throw a boomerang of dispersal.
The boomerang of dispersal closely misses the kobold.
The kobold closely misses you.
Unknown command.
Throwing (i - inventory)
e - a boomerang of dispersal (quivered)
Press: ? - help, Shift-Dir - straight line, f/p - kobold
Aim: a kobold, wielding a +2 whip of electrocution (moderately wounded)
You throw a boomerang of dispersal.
The boomerang of dispersal hits the kobold.
The kobold blinks!
The kobold is severely wounded.
Unknown command.
Firing (i - inventory) No suitable missiles.
Press: ? - help, Shift-Dir - straight line, f/p - kobold
Aim: a kobold, wielding a +2 whip of electrocution (heavily wounded)
Okay, then.
Unknown command.
You aren't carrying any items that you can evoke.
It was a potion of lignification.
You turn into a tree.
Your +0 leather armour melds into your body.
Your roots penetrate the ground.
Unknown command.
Unknown command.
You are now empty-handed.
You barely miss the kobold.
The kobold is heavily wounded.
The kobold hits you but does no damage.
You are electrocuted!!
Ouch! That really hurt!
You die...

#####.##..#
#...K.....#
##.#[##...#
#.#g##.####
#.#....#..
#)######.###
#.#..###...#
#K#......#.#
#♣##.##....##..
#....##........#
#######.######.#
#.. ####


You could see a kobold.

Vanquished Creatures
  A leopard gecko (D:1)
  A goblin (D:1)
  A hobgoblin (D:1)
  4 jackals (D:1)
  A rat (D:1)
8 creatures vanquished.

Notes
Turn   | Place    | Note
-------+----------+-------------------------------------------
     0 | D:1      | Flugkiller the Demonspawn Warper began the quest for the
                  | Orb.
     0 | D:1      | Reached XP level 1. HP: 16/16 MP: 3/3
   208 | D:1      | Noticed an ogre
   287 | D:1      | Gained mutation: You have large cloven feet. [demonic
                  | ancestry]
   287 | D:1      | Reached XP level 2. HP: 16/23 MP: 5/5
   468 | D:1      | Slain by a kobold

Levels and vault maps discovered:
D:1:      evilmike_arrival_come_back, layout_basic

Action                   || total
-------------------------++-------
Melee: Hand axe          ||    36
       Kick              ||     3
       Unarmed           ||     1
Throw: Boomerang         ||     5
  Use: Potion            ||     1
Armor: Leather armour    ||     7
       Skin              ||     1
Dodge: Dodged            ||    29

Table legend:
 A = Non-vault XP
 B = Vault XP
 C = Vault XP percentage of total XP
 D = Non-vault monster count
 E = Vault monster count
 F = Vault count percentage of total count
                 A         B        C        D         E       F
            +---------+---------+-------+---------+---------+-------
      Total |      16 |       0 |   0.0 |       8 |       0 |   0.0
            +---------+---------+-------+---------+---------+-------
        D:1 |      16 |       0 |   0.0 |       8 |       0 |   0.0
            +---------+---------+-------+---------+---------+-------
